 Dungeon Crawl Stone Soup version 0.18.1-50-g88ac8fd (webtiles) character file.

12540 Letos the Carver (level 12, -4/97 HPs)
             Began as a Formicid Fighter on Oct 22, 2016.
             Was a Priest of Qazlal.
             Killed from afar by an electric eel (13 damage)
             ... with a bolt of electricity
             ... on level 11 of the Dungeon.
             The game lasted 00:21:06 (12588 turns).

Letos the Carver (Formicid Fighter)                Turns: 12588, Time: 00:21:06

Health: -4/97      AC: 13    Str: 23    XL:     12   Next: 21%
Magic:  0/27       EV:  6    Int: 13    God:    Qazlal [***...]
Gold:   827        SH:  9    Dex: 10    Spells: 2 memorised, 7 levels left

rFire  . . .     SeeInvis +     a - +0 long sword
rCold  . . .     Gourm    .     i - +1 plate armour
rNeg   . . .     Faith    .     q - +0 buckler
rPois  +         Spirit   +     (helmet unavailable)
rElec  .         Dismiss  .     (no cloak)
rCorr  .         Reflect  .     (no gloves)
SustAt .         Harm     .     (no boots)
MR     +....                    k - amulet of guardian spirit
Stlth  ..........               P - ring of magical power
                                U - ring of wizardry

@: flying, somewhat resistant to hostile enchantments, extremely unstealthy
A: permanent stasis, dig shafts and tunnels, four strong arms, antennae 3,
clever 1, poison resistance
a: Dig, Shaft Self, Upheaval, Elemental Force, Renounce Religion


You were on level 11 of the Dungeon.
You worshipped Qazlal.
Qazlal was most pleased with you.
You were hungry.

You visited 1 branch of the dungeon, and saw 11 of its levels.
You also visited: Sewer and Ossuary.

You collected 827 gold pieces.

Inventory:

Hand Weapons
 a - a +0 long sword (weapon)
 V - a +0 great sword
 Z - a +0 demon whip
Armour
 c - a +0 shield
 i - a +1 plate armour (worn)
 q - a +0 buckler (worn)
Jewellery
 k - an amulet of guardian spirit (around neck)
 L - an uncursed ring of sustain attributes
 P - a ring of magical power (right hand)
 U - a ring of wizardry (left hand)
 X - the ring of Cyrched {+Inv Str+2 Int+4, unknown}
   (You took it off an orc warrior on level 11 of the Dungeon)

   [ring of intelligence]

   It affects your strength (+2).
   It affects your intelligence (+4).
   It lets you turn invisible.
Wands
 s - a wand of teleportation (2/9)
 A - a wand of acid (5/15)
 I - a wand of iceblast (8/15)
 J - a wand of acid (5/15)
 M - a wand of enslavement (10/24)
 N - a wand of teleportation (1/9)
 R - a wand of random effects (16/48)
 T - a wand of digging (20/24)
Scrolls
 e - 5 scrolls of amnesia
 n - 6 scrolls of magic mapping
 v - 8 scrolls of identify
 w - 5 scrolls of remove curse
 x - a scroll of fear
 y - 2 scrolls of recharging
 C - 3 scrolls of enchant armour
 G - 2 scrolls of fog
 Q - a scroll of silence {unknown}
Potions
 b - a potion of lignification
 h - 9 potions of flight
 l - 5 potions of curing
 r - 4 potions of degeneration
 u - a potion of cure mutation {unknown}
 B - 2 potions of resistance
 D - 3 potions of invisibility
 E - 2 potions of haste {unknown}
 F - 2 potions of brilliance {unknown}
 O - a potion of agility
 S - a potion of heal wounds
Books
 d - a book of Death

   Spells                             Type                      Level
   a - Corpse Rot                     Necromancy                   2
   b - Sublimation of Blood           Necromancy                   2
   c - Agony                          Necromancy                   5
   d - Dispel Undead                  Necromancy                   5
   e - Excruciating Wounds            Charms/Necromancy            5
   f - Bolt of Draining               Conjuration/Necromancy       5
 j - a book of Conjurations

   Spells                             Type                      Level
   a - Magic Dart                     Conjuration                  1
   b - Searing Ray                    Conjuration                  2
   c - Dazzling Spray                 Conjuration/Hexes            3
   d - Fulminant Prism                Conjuration/Hexes            4
   e - Iskenderun's Mystic Blast      Conjuration                  4
   f - Iskenderun's Battlesphere      Conjuration/Charms           5
 o - a book of Changes

   Spells                             Type                      Level
   a - Beastly Appendage              Transmutation                1
   b - Sticks to Snakes               Transmutation                2
   c - Spider Form                    Transmutation/Poison         3
   d - Ice Form                       Ice/Transmutation            4
   e - Blade Hands                    Transmutation                5
 t - a book of Ice

   Spells                             Type                      Level
   a - Ice Form                       Ice/Transmutation            4
   b - Metabolic Englaciation         Hexes/Ice                    5
   c - Ozocubu's Refrigeration        Ice                          6
   d - Bolt of Cold                   Conjuration/Ice              6
   e - Freezing Cloud                 Conjuration/Ice/Air          6
   f - Simulacrum                     Ice/Necromancy               6
 H - a book of Cantrips

   Spells                             Type                      Level
   a - Corona                         Hexes                        1
   b - Animate Skeleton               Necromancy                   1
   c - Summon Small Mammal            Summoning                    1
   d - Apportation                    Translocation                1
 K - an Akashic Record

   Spells                             Type                      Level
   a - Dispersal                      Translocation                6
   b - Malign Gateway                 Summoning/Translocation      7
   c - Disjunction                    Translocation                8
   d - Controlled Blink               Translocation                8
 W - a book of Necromancy

   Spells                             Type                      Level
   a - Pain                           Necromancy                   1
   b - Animate Skeleton               Necromancy                   1
   c - Vampiric Draining              Necromancy                   3
   d - Regeneration                   Charms/Necromancy            3
   e - Animate Dead                   Necromancy                   4
   f - Control Undead                 Necromancy                   4
Comestibles
 f - 4 bread rations
 g - 3 fruits
 m - 2 beef jerkies
 p - 5 slices of pizza
 z - 9 meat rations
 Y - 4 chunks of flesh


   Skills:
 - Level 10.0 Fighting
 * Level 12.8 Long Blades
 + Level 4.9 Armour
 - Level 9.2 Shields
 + Level 8.3 Invocations


You had 7 spell levels left.
You knew the following spells:

 Your Spells              Type           Power        Failure   Level  Hunger
a - Dazzling Spray        Conj/Hex       #.....       100%        3    ####...
b - Apportation           Tloc           #.........   99%         1    ##.....


Dungeon Overview and Level Annotations

Branches:
Dungeon (11/15)            Temple (0/1) D:6            Lair (0/8) D:8
    Orc: D:9-12

Altars:
Ashenzari
Dithmenos
Fedhas
Gozag
Kikubaaqudgha
Qazlal
Yredelemnul
The Shining One


Innate Abilities, Weirdness & Mutations

You are under a permanent stasis effect.
You can dig through walls and to a lower floor.
Your four strong arms can wield two-handed weapons with a shield.
You have a pair of large antennae on your head (SInv).
Your mind is acute. (Int +2)
Your system is resistant to poisons.


Message History

* * * LOW HITPOINT WARNING * * *
The orc wizard casts a cantrip, but nothing happens.
The electric eel shoots out a bolt of lightning at you!
The bolt of electricity hits you!
* * * LOW HITPOINT WARNING * * *
Aiming: Upheaval
Press: ? - help, Dir - move target cursor, f - orc warrior
Aim: an orc warrior, wielding a long sword of flaming and wearing a plate armour (lightly wounded)
Okay, then.
You extend your mandibles.
You dig through the rock wall.
The electric eel shoots out a bolt of lightning at you!
The bolt of electricity hits you!
* * * LOW HITPOINT WARNING * * *
You dig through the rock wall.
The electric eel shoots out a bolt of lightning at you!
The bolt of electricity hits you!
* * * LOW HITPOINT WARNING * * *
The bolt of electricity hits you!
You die...

#.÷...# #..÷..÷..# #..#
#. #.##### #.##..)..#
##.####. #.# #.###..###
#<..†.. #.# #.# ##.#
##.#### #)#######.# ###
#.# # #.)..)....# #.# #
###)####### #.. # ##.##
### ##. # ######.# ##@#
.. #
......#########.######
..
.....................##
...
≈≈≈≈≈≈≈≈≈≈≈≈;≈≈§≈≈≈8..#
≈≈≈≈≈≈≈≈≈≈≈≈≈≈≈≈≈≈8≈..#
################o.≈≈..#
..........)o#.≈≈..#
..........)(##≈≈..#
..8........))o....#


You could see an electric eel.

Vanquished Creatures
  A hydra (D:11)
  The ghost of Letos the Carver, a novice FoFi (D:8)
  The ghost of qqq123 the Fighter, a novice MiFi of Okawaru (D:6)
  An unseen horror (D:10)
  3 hill giants (D:10)
  An ugly thing (D:7)
  A cyclops (D:11)
  A two-headed ogre (D:8)
  Prince Ribbit (D:5)
  A vampire (D:9)
  A water elemental (D:11)
  9 yaks (D:9)
  2 hippogriffs
  A steam dragon (D:10)
  2 hungry ghosts
  A water moccasin (D:10)
  5 orc warriors
  2 sky beasts
  3 ice beasts
  2 black bears
  A wasp (D:11)
  4 ogres
  3 centaurs
  9 big kobolds
  3 giant frogs
  2 scorpions
  5 killer bees (D:11)
  4 howler monkeys
  4 wights (D:7)
  An electric eel (D:11)
  A wasp zombie (D:11)
  2 crimson imps
  A jelly (D:5)
  2 hounds
  7 orc priests
  3 giant frog skeletons
  9 worker ants
  4 iguanas
  Ijyb (D:2)
  11 orc wizards
  A big kobold zombie (Ossuary)
  A howler monkey zombie (D:5)
  8 mummies (Ossuary)
  A worker ant zombie (D:8)
  2 river rats
  17 adders
  4 gnolls (D:5)
  2 shadow imps
  2 adder zombies
  6 oozes
  7 worms
  3 dart slugs
  7 giant geckos
  56 orcs
  9 ball pythons
  7 giant cockroaches
  2 gnoll zombies (Ossuary)
  8 goblins
  9 hobgoblins
  10 jackals
  15 kobolds
  5 quokkas
  9 bats
  A giant gecko skeleton (D:6)
  10 giant newts
  3 hobgoblin zombies (Ossuary)
  2 kobold zombies (Ossuary)
  A quokka skeleton (D:4)
  9 rats
334 creatures vanquished.

Vanquished Creatures (collateral kills)
  3 yaks (D:9)
  A water moccasin (D:9)
4 creatures vanquished.

Grand Total: 338 creatures vanquished

Notes
Turn   | Place    | Note
--------------------------------------------------------------
     0 | D:1      | Letos the Formicid Fighter began the quest for the Orb.
     0 | D:1      | Reached XP level 1. HP: 18/18 MP: 1/1
   349 | D:1      | Reached XP level 2. HP: 24/24 MP: 2/2
   540 | D:1      | Reached XP level 3. HP: 27/29 MP: 3/3
   773 | D:2      | Reached skill level 3 in Long Blades
  1379 | D:2      | Reached XP level 4. HP: 33/36 MP: 4/4
  1587 | D:2      | Noticed Ijyb
  1598 | D:2      | Killed Ijyb
  1611 | D:2      | Found a blossoming altar of Fedhas.
  1690 | D:2      | Reached XP level 5. HP: 37/42 MP: 5/5
  1817 | D:3      | Found a shadowy altar of Dithmenos.
  1946 | D:3      | Reached skill level 4 in Long Blades
  2082 | D:3      | Reached XP level 6. HP: 35/48 MP: 4/6
  2136 | D:3      | Found a shadowy altar of Dithmenos.
  2217 | D:3      | Found an opulent altar of Gozag.
  2218 | D:3      | Found a stormy altar of Qazlal.
  2276 | D:3      | Became a worshipper of Qazlal Stormbringer
  2487 | D:4      | Reached skill level 5 in Shields
  2577 | D:4      | HP: 2/49 [poisoned by a scorpion]
  2585 | D:4      | HP: 1/49 [poisoned by a scorpion]
  2932 | D:4      | Found a basalt altar of Yredelemnul.
  2965 | D:4      | Reached skill level 5 in Long Blades
  3117 | D:4      | Reached XP level 7. HP: 48/55 MP: 5/7
  3757 | D:4      | Reached skill level 5 in Fighting
  3782 | D:4      | Reached * piety under Qazlal
  3979 | D:5      | Entered Level 5 of the Dungeon
  4024 | D:5      | Noticed Prince Ribbit
  4032 | D:5      | Killed Prince Ribbit
  4032 | D:5      | Reached skill level 6 in Long Blades
  4032 | D:5      | Reached XP level 8. HP: 54/64 MP: 6/8
  4214 | D:5      | Found a glowing drain.
  4223 | Sewer    | Entered a sewer
  4332 | Sewer    | Reached ** piety under Qazlal
  4373 | Sewer    | Reached skill level 7 in Long Blades
  4496 | Sewer    | Reached XP level 9. HP: 24/71 MP: 7/9
  5202 | D:5      | Reached skill level 8 in Long Blades
  5707 | D:6      | Found a sand-covered staircase.
  5711 | Ossuary  | Entered an ossuary
  5732 | Ossuary  | Reached *** piety under Qazlal
  6142 | Ossuary  | Gained mutation: Your system is resistant to poisons. [potion of beneficial mutation]
  6176 | D:6      | Noticed qqq123's ghost (novice MiFi)
  6202 | D:6      | Killed qqq123's ghost
  6202 | D:6      | Reached skill level 9 in Long Blades
  6389 | D:6      | Found a staircase to the Ecumenical Temple.
  6486 | D:6      | Reached XP level 10. HP: 48/80 MP: 7/10
  7098 | D:7      | Reached **** piety under Qazlal
  7833 | D:7      | Noticed a red ugly thing
  7863 | D:7      | HP: 4/81 [red ugly thing (21)]
  7872 | D:7      | HP: 1/81 [red ugly thing (22)]
  7873 | D:7      | Killed a red ugly thing
  7873 | D:7      | Reached skill level 10 in Long Blades
  8297 | D:8      | Reached skill level 1 in Invocations
  8378 | D:8      | Noticed Letos's ghost (novice FoFi)
  8397 | D:8      | Killed Letos's ghost
  8424 | D:8      | Found a glowing golden altar of the Shining One.
  8457 | D:8      | Reached skill level 5 in Invocations
  8526 | D:8      | Found an ancient bone altar of Kikubaaqudgha.
  8600 | D:8      | Found a staircase to the Lair.
  9147 | D:9      | Gained mutation: Your mind is acute. (Int +2) [potion of beneficial mutation]
  9174 | D:9      | Reached XP level 11. HP: 71/89 MP: 0/14
  9189 | D:9      | Reached skill level 11 in Long Blades
  9717 | D:9      | Found a shattered altar of Ashenzari.
 10495 | D:10     | Entered Level 10 of the Dungeon
 10515 | D:10     | Noticed a hill giant
 10524 | D:10     | Killed a hill giant
 10683 | D:10     | Noticed a hill giant
 10722 | D:10     | Killed a hill giant
 10722 | D:10     | Reached skill level 12 in Long Blades
 11087 | D:10     | Noticed a hill giant
 11090 | D:10     | Killed a hill giant
 11232 | D:10     | Reached skill level 10 in Fighting
 11403 | D:10     | Noticed an unseen horror
 11441 | D:10     | Killed an unseen horror
 11568 | D:10     | Learned a level 3 spell: Dazzling Spray
 11570 | D:10     | Learned a level 1 spell: Apportation
 11759 | D:11     | Found a stormy altar of Qazlal.
 11846 | D:11     | Noticed a seven-headed hydra
 11994 | D:11     | Killed a seven-headed hydra
 11994 | D:11     | Reached XP level 12. HP: 73/97 MP: 13/17
 12375 | D:11     | Got a shimmering amber ring
 12588 | D:11     | Killed from afar by an electric eel

Skill      XL: |  1  2  3  4  5  6  7  8  9 10 11 12 |
---------------+-------------------------------------+-----
Long Blades    | 3 4 5 6 7 9 10 12 | 12.8
Shields        | 4 5 6 7 8 9 |  9.2
Fighting       | 4 5 6 7 9 10 | 10.0
Invocations    | 5 7 8 |  8.3
Armour         | 4 |  4.9

Action                   |  1- 3 |  4- 6 |  7- 9 | 10-12 || total
-------------------------+-------+-------+-------+-------++-------
Melee: Long sword        |    93 |   205 |   481 |   716 ||  1495
Invok: Upheaval          |       |       |       |    14 ||    14
       Elemental Force   |       |       |       |     1 ||     1
 Abil: Dig               |       |     1 |    13 |     7 ||    21
Evoke: Wand              |       |       |       |     1 ||     1
  Use: Scroll            |     4 |     4 |     9 |     2 ||    19
       Potion            |       |       |     5 |     9 ||    14
 Stab: Invisible         |       |       |       |     2 ||     2
  Eat: Chunk             |     1 |     4 |     3 |    17 ||    25
       Bread ration      |       |     1 |     2 |     1 ||     4
       Meat ration       |       |       |       |     1 ||     1
Armor: Scale mail        |    10 |       |       |       ||    10
       Plate armour      |    28 |   131 |   253 |   259 ||   671
       Skin              |       |       |    24 |       ||    24
Dodge: Dodged            |    18 |    38 |   123 |   122 ||   301
       Deflected         |       |       |       |     1 ||     1
Block: Shield            |    32 |    37 |       |       ||    69
       Buckler           |       |    27 |   180 |   315 ||   522
